 Dungeon Crawl Stone Soup version 0.19-a0-1511-g16f215b (webtiles) character file.

29 Arkorax the Stinger (level 3, 0/28 HPs)
             Began as a Minotaur Venom Mage on Sept 12, 2016.
             Succumbed to an adder's poison
             ... on level 1 of the Dungeon.
             The game lasted 00:01:37 (1235 turns).

Arkorax the Stinger (Minotaur Venom Mage)           Turns: 1235, Time: 00:01:38

Health: 0/28       AC:  3    Str: 13    XL:     3   Next: 1%
Magic:  4/4        EV: 12    Int: 12    God:
Gold:   20         SH:  0    Dex: 10    Spells: 1 memorised, 3 levels left

rFire  . . .     SeeInvis .     c - bread ration {!e}
rCold  . . .     Gourm    .     d - +0 leather armour
rNeg   . . .     Faith    .     (no shield)
rPois  .         Spirit   .     (helmet restricted)
rElec  .         Dismiss  .     (no cloak)
rCorr  .         Reflect  .     (no gloves)
MR     .....     Harm     .     (no boots)
Stlth  +.........               (no amulet)
                                (no ring)
                                (no ring)

@: lethally poisoned (0 -> -3)
A: retaliatory headbutt, horns 2
a: no special abilities


You were on level 1 of the Dungeon.
You were very hungry.

You visited 1 branch of the dungeon, and saw 2 of its levels.

You collected 20 gold pieces.

Inventory:

Hand Weapons
 e - a +0 club
 k - a +0 mace
Armour
 a - a +0 robe
 d - a +0 leather armour (worn)
Jewellery
 l - an uncursed ring of ice
Scrolls
 g - a scroll of identify {unknown}
 i - a scroll of recharging {unknown}
 j - 2 scrolls of blinking {unknown}
 m - a scroll of teleportation {unknown}
Books
 b - a Young Poisoner's Handbook
Comestibles
 c - a bread ration (in hand) {!e}
 f - a slice of pizza
 h - a meat ration {!e}


   Skills:
 + Level 1.6 Fighting
 + Level 1.0 Maces & Flails
 + Level 1.9 Armour
 - Level 2.4 Dodging
 - Level 1.5 Stealth
 - Level 1.3 Spellcasting
 - Level 2.9 Poison Magic


You had 3 spell levels left.
You knew the following spells:

 Your Spells              Type           Power        Failure   Level  Hunger
a - Sting                 Conj/Pois      #...         24%         1    ##.....


Dungeon Overview and Level Annotations

Branches:
Dungeon (2/15)

Altars:


Innate Abilities, Weirdness & Mutations

You reflexively headbutt those who attack you in melee.
You have a pair of horns on your head.


Message History

The adder poisons you!
The giant cockroach bites you but does no damage.
You climb upwards.
You feel sick.
There is a stone staircase leading down here.
Damage: 3 (max 3) Unknown command.
You feel sick.
Damage: 1 (max 3)
You feel sick. The adder closely misses you.
Damage: 1 (max 3)
You aren't carrying any potions.
You aren't carrying any potions.
You hit the giant cockroach but do no damage.
You feel sick. The giant cockroach bites you.
* * * LOW HITPOINT WARNING * * *
The giant cockroach bites you.
* * * LOW HITPOINT WARNING * * *
Damage: 4 (max 4)
You hit the giant cockroach.
You kill the giant cockroach!
* * * LOW HITPOINT WARNING * * *
You feel sick. The adder bites you.
* * * LOW HITPOINT WARNING * * *
You miss the adder. The adder bites you.
* * * LOW HITPOINT WARNING * * *
The adder misses you.
You barely miss the adder. Your headbutt misses the adder.
* * * LOW HITPOINT WARNING * * *
You feel sick. The adder misses you.
You miss the adder. The adder barely misses you.
The adder bites you but does no damage.
You closely miss the adder. Your headbutt misses the adder.
* * * LOW HITPOINT WARNING * * *
You feel sick. The adder misses you. The adder completely misses you.
You hit the adder. You headbutt the adder!
You kill the adder!
Your Maces & Flails skill increases to level 1!
You have reached level 3!
Your experience leads to an increase in your attributes!
Increase (S)trength, (I)ntelligence, or (D)exterity?
You feel stronger.
Damage: 4 (max 4) Wield which item (- for none, * to show all)? (? for menu, Esc to quit)
c - a bread ration (in hand) {!e} You swing at nothing.
* * * LOW HITPOINT WARNING * * *
You feel sick.
You swing at nothing.
You swing at nothing.
You die...

### ##.## ##...##
#############.....##
##..................#
...###########.>...##
#### ##...## ## ##†##
######. #@# ##......
###### #####.# #(......
#....#### ##.....#
#..#####
#.##....###...####
#######..##
...####.......###
#.........#
......####......#
#.###.###.####
.<.......#......# #.#
#.# #)....
......####......#
#>###.###.#### ...####
#....#.####.........####


There were no monsters in sight!

Vanquished Creatures
  An adder (D:1)
  A dart slug (D:1)
  A giant gecko (D:1)
  2 ball pythons
  3 giant cockroaches (D:1)
  3 hobgoblins (D:1)
  A kobold (D:1)
  2 bats (D:1)
  2 goblins
16 creatures vanquished.

Notes
Turn   | Place    | Note
-------+----------+-------------------------------------------
     0 | D:1      | Arkorax the Minotaur Venom Mage began the quest for the Orb.
     0 | D:1      | Reached XP level 1. HP: 14/14 MP: 1/1
   240 | D:1      | Reached skill level 1 in Fighting
   240 | D:1      | Reached skill level 1 in Armour
   405 | D:1      | Reached XP level 2. HP: 23/23 MP: 0/3
  1225 | D:1      | HP: 5/23 [giant cockroach (2)]
  1228 | D:1      | HP: 2/23 [poisoned by an adder]
  1231 | D:1      | Reached skill level 1 in Maces & Flails
  1231 | D:1      | Reached XP level 3. HP: 1/28 MP: 4/4
  1233 | D:1      | HP: 1/28 [poisoned by an adder]
  1235 | D:1      | Succumbed to an adder's poison

Vault maps used:
D:1:      dpeg_arrival_rhombus
D:2:      dk_yredelemnul_ordeal

Skill      XL: |  1  2 |
---------------+-------+-----
Fighting       | 1 |  1.6
Armour         | 1 |  1.9
Maces & Flails | 1 |  1.0
Dodging        | |  2.4
Stealth        | |  1.5
Spellcasting   | |  1.3
Poison Magic   | |  2.9

Action                   || total
-------------------------++-------
Melee: Unarmed           ||    28
       Headbutt          ||    11
       Club              ||    22
       Mace              ||    15
 Cast: Sting             ||     2
 Stab: Sleeping          ||     1
Armor: Leather armour    ||    26
Dodge: Dodged            ||    72

Table legend:
 A = Turns spent in this place as a percentage of turns spent in the entire game.
 B = Non-inter-level travel turns spent in this place as a percentage of non-inter-level travel turns spent in the entire game.
 C = Inter-level travel turns spent in this place as a percentage of turns spent in this place.
 D = Turns resting spent in this place as a percentage of non-inter-level travel turns spent in this place.
 E = Turns spent auto-exploring this place as a percentage of non-inter-level travel turns spent in this place.
 F = Non-inter-level travel turns spent in this place divided by the number of levels of this place that you've seen.
                   A       B       C       D       E      F
               +-------+-------+-------+-------+-------+----------------------
         Total | 100.0 | 100.0 |   0.7 |   4.7 |   9.1 | 149.0
       Dungeon | 100.0 | 100.0 |   0.7 |   4.7 |   9.1 | 149.0
               +-------+-------+-------+-------+-------+----------------------

Vault maps used:
D:1:      dpeg_arrival_rhombus
D:2:      dk_yredelemnul_ordeal
